 Dungeon Crawl Stone Soup version 0.20-a0-876-g2c7b0bf (webtiles) character file.

256 krabocopter the Skirmisher (level 6, 11/57 HPs)
             Began as a Hill Orc Gladiator on Mar 15, 2017.
             Quit the game on level 5 of the Dungeon.
             The game lasted 00:08:55 (3652 turns).

krabocopter the Skirmisher (Hill Orc Gladiator)     Turns: 3652, Time: 00:08:56

Health: 11/57      AC:  2    Str: 17    XL:     6   Next: 15%
Magic:  6/6        EV: 15    Int: 14    God:
Gold:   163        SH:  0    Dex: 13    Spells: 5/5 levels left

rFire    . . .     SeeInvis .   a - +0 war axe
rCold    . . .     Gourm    .   b - +0 leather armour
rNeg     . . .     Faith    .   (no shield)
rPois    .         Spirit   .   c - +0 helmet
rElec    .         Reflect  .   (no cloak)
rCorr    .         Harm     .   (no gloves)
MR       .....                  (no boots)
Stlth    +.........             (no amulet)
Regen    0.2/turn               (no ring)
MPRegen  0.1/turn               (no ring)

@: brilliant
A: repulsion field 1, deformed body, deterioration 1, MP-powered wands
a: no special abilities


You were on level 5 of the Dungeon.
You were hungry.

You visited 1 branch of the dungeon, and saw 5 of its levels.
You also visited: Sewer.

You collected 163 gold pieces.

Inventory:

Hand Weapons
 a - a +0 war axe (weapon)
Missiles
 d - 3 throwing nets (quivered)
Armour
 b - a +0 leather armour (worn)
 c - a +0 helmet (worn)
 E - a +0 shield
Wands
 k - a wand of flame (24/48)
Scrolls
 e - 3 scrolls of recharging
 i - 2 scrolls of magic mapping
 j - 2 scrolls of teleportation
 m - a scroll of random uselessness {unknown}
 q - 2 scrolls of enchant weapon {unknown}
 r - a scroll of remove curse {unknown}
 w - 3 scrolls of noise {unknown}
 y - 2 scrolls of fog {unknown}
 z - a scroll of blinking {unknown}
 B - 3 scrolls of identify {unknown}
 D - a scroll of enchant armour {unknown}
Potions
 t - a potion of magic
 u - a potion of agility {unknown}
 v - a potion of haste
 C - a potion of degeneration {unknown}
Comestibles
 f - 3 bread rations
 g - 2 royal jellies
 h - 3 meat rations
 p - a fruit


   Skills:
 * Level 6.2 Fighting
 - Level 4.0 Axes
 - Level 1.7 Throwing
 + Level 3.8 Dodging


You had 5 spell levels left.
You didn't know any spells.

Dungeon Overview and Level Annotations

Branches:
Dungeon (5/15)
 Temple: D:4-7

Altars:
Fedhas
Nemelex Xobeh
Xom
Yredelemnul

Annotations:
D:4 Eustachio; Robin; Yehuk's ghost, amateur HaAs


Innate Abilities, Weirdness & Mutations

You are surrounded by a mild repulsion field. (EV +2)
Armour fits poorly on your strangely shaped body.
Your body sometimes deteriorates upon taking damage.
You expend magic power (3 MP) to strengthen your wands.


Message History

You slash the hound! You barely miss something. The hound bites you.
Something completely misses you. The hound bites you.
* * * LOW HITPOINT WARNING * * *
You take 3 damage, and have 16/57 hp.
Unknown command.
It was a potion of heal wounds.
You feel much better. The hound bites you. Something hits you.
Something shocks you.
You regained 15 hp, and now have 31/57 hp.
It was a potion of cancellation.
You feel magically purged. The hound bites you.
A sky beast appears from thin air!
Reactivating autopickup.
The sky beast hits you. The sky beast shocks you. The hound bites you.
You take 12 damage, and have 19/57 hp.
MASSIVE DAMAGE!!
It was a potion of brilliance.
You feel clever all of a sudden. The hound barely misses you.
The sky beast hits you.
* * * LOW HITPOINT WARNING * * *
The sky beast shocks you.
* * * LOW HITPOINT WARNING * * *
You take 8 damage, and have 11/57 hp.

###### #oh@.#
####.#.##Y#.###
>h......o.o.....
.......Y........
#####+#..o.....#
.........#
..........#
.......#.###
........#.#


You could see a sky beast, a hound and 2 orcs.

Vanquished Creatures
  A bullfrog skeleton (D:3)
  A centaur skeleton (D:4)
  A worker ant (D:3)
  A gnoll (D:1)
  A river rat (Sewer)
  5 adders
  3 worms
  A dart slug (D:3)
  4 leopard geckos
  3 orcs (D:3)
  3 ball pythons
  7 bats
  5 giant cockroaches
  16 goblins
  10 hobgoblins
  3 jackals
  4 quokkas
  11 frilled lizards
  8 kobolds
  8 rats
  A spectral orc (D:2)
97 creatures vanquished.

Notes
Turn   | Place    | Note
-------+----------+-------------------------------------------
     0 | D:1      | krabocopter the Hill Orc Gladiator began the quest for the Orb.
     0 | D:1      | Reached XP level 1. HP: 18/18 MP: 1/1
   288 | D:1      | Reached XP level 2. HP: 25/25 MP: 2/2
   313 | D:1      | Reached skill level 3 in Fighting
   423 | D:1      | Reached XP level 3. HP: 29/31 MP: 3/3
   980 | D:2      | Reached skill level 4 in Fighting
  1422 | D:2      | Reached XP level 4. HP: 35/40 MP: 4/4
  1610 | D:2      | Found a basalt altar of Yredelemnul.
  1658 | D:3      | Found a shimmering altar of Xom.
  1751 | D:3      | Found a glowing drain.
  1764 | Sewer    | Entered a sewer
  1877 | Sewer    | Reached skill level 5 in Fighting
  1880 | Sewer    | Reached XP level 5. HP: 38/48 MP: 5/5
  2303 | D:3      | Found a sparkling altar of Nemelex Xobeh.
  2396 | D:3      | Found a blossoming altar of Fedhas.
  3184 | D:4      | Reached skill level 6 in Fighting
  3184 | D:4      | Reached XP level 6. HP: 50/57 MP: 6/6
  3246 | D:4      | Noticed Robin
  3290 | D:4      | Gained mutation: Your body sometimes deteriorates upon taking damage. [potion of mutation]
  3290 | D:4      | Gained mutation: You expend magic power (3 MP) to strengthen your wands. [potion of mutation]
  3290 | D:4      | Gained mutation: Armour fits poorly on your strangely shaped body. [potion of mutation]
  3290 | D:4      | Gained mutation: You are surrounded by a mild repulsion field. (EV +2) [potion of mutation]
  3307 | D:4      | Noticed Yehuk's ghost (amateur HaAs)
  3619 | D:4      | Noticed Eustachio
  3637 | D:5      | Entered Level 5 of the Dungeon
  3637 | D:5      | Noticed a sky beast
  3652 | D:5      | Quit the game

Vault maps used:
D:1:      nagdon_arrival_zigzag_paths, minmay_tromino_v4_b
D:2:      yredelemnul_forgotten_temple_becter, first_bread
D:3:      lemuel_doored_altar, lemuel_round_altar, portal_sewer_entry_f,
          nemelex_xobeh_ov_fountains_minmay
D:4:      uniq_eustachio, uniq_natasha, uniq_robin
D:5:      makhleb_blood_cavern_becter, minmay_temple_entry_grid,
          nicolae_for_you_no_charge, uniq_edmund
Sewer:    sewer_co_cracked_pipes

Skill      XL: |  1  2  3  4  5 |
---------------+----------------+-----
Fighting       | 3 4 5 6 |  6.2
Dodging        | 3 |  3.8
Axes           | |  4.0
Throwing       | |  1.7

Action                   |  1- 3 |  4- 6 || total
-------------------------+-------+-------++-------
Melee: War axe           |   100 |   201 ||   301
  Use: Scroll            |     1 |     3 ||     4
       Potion            |       |    11 ||    11
 Stab: Sleeping          |     1 |       ||     1
  Eat: Chunk             |     1 |     6 ||     7
       Fruit             |       |     2 ||     2
Armor: Leather armour    |    32 |    66 ||    98
       Skin              |       |    21 ||    21
Dodge: Dodged            |    76 |   168 ||   244
